 Dungeon Crawl Stone Soup version 0.16.1-51-g6203257 (webtiles) character file.

3329 uhvn the Covert (level 10, -3/56 HPs)
             Began as a Vine Stalker Assassin on July 8, 2015.
             Was a Believer of Nemelex Xobeh.
             Slain by Kortx's ghost (16 damage)
             ... on level 8 of the Dungeon.
             The game lasted 00:42:04 (6675 turns).

uhvn the Covert (Vine Stalker Assassin)             Turns: 6675, Time: 00:42:04

Health: -3/56      AC:  5    Str: 14    XL:     10   Next: 2%
Magic:  0/13       EV: 16    Int: 11    God:    Nemelex Xobeh [**....]
Gold:   341        SH:  0    Dex: 19    Spells: 0 memorised, 9 levels left

rFire  . . .     SeeInvis .     L - +2 dagger (speed)
rCold  . . .     Clarity  .     I - +1 robe {MR+}
rNeg   + . .     SustAb   .     (no shield)
rPois  .         Gourm    .     (no helmet)
rElec  .         Spirit   +     d - +0 cloak
rCorr  .         Warding  .     (no gloves)
rMut   .         Stasis   .     i - +0 pair of boots
MR     ++...                    (no amulet)
Stlth  ++++......               (no ring)
                                y - ring of positive energy

@: about to teleport, very resistant to hostile enchantments, stealthy
A: fangs 3, regeneration 2, magic shield, antimagic bite, no device heal 3, rot
immunity
a: Renounce Religion


You were on level 8 of the Dungeon.
You worshipped Nemelex Xobeh.
Nemelex Xobeh was pleased with you.
You were hungry.

You visited 1 branch of the dungeon, and saw 8 of its levels.

You collected 341 gold pieces.

Inventory:

Hand weapons
 a - a +3 dagger
 b - a +0 blowgun
 C - a -1 dagger
 D - a +0 short sword
 L - a +2 dagger of speed (weapon)
Missiles
 e - 70 poisoned needles
 f - 2 curare-tipped needles
Armour
 c - a +0 robe
 d - a +0 cloak (worn)
 i - a +0 pair of boots (worn)
 s - a +0 robe
 I - a +1 robe of magic resistance (worn)
 O - a +2 leather armour of fire resistance
Jewellery
 y - a ring of positive energy (left hand)
 M - an uncursed ring of wizardry {unknown}
Magical devices
 K - a wand of confusion (27)
Scrolls
 h - 2 scrolls of enchant weapon
 j - a scroll of amnesia {unknown}
 m - 6 scrolls of identify
 o - 2 scrolls of magic mapping {unknown}
 q - 4 scrolls of random uselessness {unknown}
 r - 4 scrolls of remove curse
 t - a scroll of fear {unknown}
 v - 3 scrolls of teleportation
 x - 6 scrolls of immolation {unknown}
 A - 2 scrolls of recharging {unknown}
 F - a scroll of noise {unknown}
Potions
 k - 5 potions of curing
 w - a potion of heal wounds {unknown}
 z - 2 potions of might
 B - a potion of magic {unknown}
 G - a potion of ambrosia {unknown}
 H - a potion of agility {unknown}
 J - 3 potions of invisibility {unknown}
 N - a potion of cancellation {unknown}
 P - a potion of mutation {unknown}
Miscellaneous
 E - a plain deck of war {drawn: 2}
 S - a plain deck of war
Comestibles
 g - 3 bread rations
 l - a beef jerky
 n - a meat ration
 p - 2 slices of pizza
 u - 5 fruits
 R - a royal jelly


   Skills:
 * Level 8.3 Fighting
 + Level 5.7 Short Blades
 - Level 1.7 Throwing
 + Level 5.2 Dodging
 + Level 9.3 Stealth


You had 9 spell levels left.
You didn't know any spells.

Dungeon Overview and Level Annotations

Branches:
Dungeon (8/15)             Temple (0/1) D:6
   Lair: D:8-11

Altars:
Fedhas
Nemelex Xobeh
Sif Muna
Vehumet
Xom

Annotations:
D:8 Kortx's ghost, experienced TrFi


Innate Abilities, Weirdness & Mutations

You have razor-sharp teeth.
You heal very quickly.
When hurt, damage is shared between your health and your magic reserves.
Your bite disrupts and absorbs the magic of your enemies.
Potions and wands cannot restore your health.
You are immune to rotting.


Message History

Found a golden potion and a ring mail.
Found 6 gold pieces.
You see here 6 gold pieces.
A giant frog comes into view.
The giant frog croaks.
Found 16 gold pieces.
As you read the scroll of teleportation, it crumbles to dust.
You feel strangely unstable.
Kortx's ghost ducks and says, "Too high!"
Kortx's ghost hits you.
You hit the giant frog.
The giant frog is moderately wounded.
You hit the giant frog. You bite the giant frog! You drain its power.
You feel invigorated.
The giant frog is severely wounded.
The giant frog hits you. Kortx's ghost hits you!!
* * * LOW HITPOINT WARNING * * *
Kortx's ghost hits you!!
You die...
Your body disappears without a glow.

..# .$#
#..##.#)..##
.<########.#
#.#
#.>........#
...........#
#.#
#.<####.(..#
..##########
#.# #..#
##.#.#
...^....#
#.# #..#
#.#.#
.....##.#
#.#
#..#####.#.#
.....##.#
#.#
#..........#
........#
##F#
##########.#
#.##....#
#@W# #.#
#.##..(.#
#.## #.#
.†......#
#.# #.#
#.......#
#.# ###.#
#......##
#.# #...#
......## #.#
#.#.#
...##.# #.#
#.#.#
...##.# #.#
##.#>#
......# #$#
##....#


You could see a giant frog and Kortx's ghost.

Vanquished Creatures
  A wyvern (D:8)
  Eustachio (D:7)
  A sky beast (D:5)
  A black bear (D:6)
  An ice beast (D:7)
  A phantom (D:8)
  2 slaves (D:4)
  2 ogres
  An orc warrior (D:7)
  3 centaurs
  Sigmund (D:7)
  3 giant frogs
  Blork the orc (D:7)
  4 scorpions
  3 wights (D:7)
  5 killer bees (D:7)
  A centaur zombie (D:8)
  14 orc wizards
  3 jellies
  2 orc priests
  2 crimson imps (D:5)
  A hound (D:3)
  A giant frog skeleton (D:8)
  A centaur skeleton (D:4)
  An iguana (D:8)
  2 worker ants
  Ijyb (D:2)
  4 gnolls (D:3)
  6 adders
  2 shadow imps
  2 giant mites
  2 worms
  An adder skeleton (D:6)
  An adder zombie (D:5)
  5 giant geckos
  2 oozes
  31 orcs
  A ball python (D:1)
  8 bats
  4 giant cockroaches
  7 goblins
  10 hobgoblins
  7 jackals
  11 kobolds
  4 quokkas
  2 giant newts
  A jackal skeleton (D:6)
  8 rats
179 creatures vanquished.

Vanquished Creatures (collateral kills)
  Pikel (D:3)
  A kobold (D:3)
2 creatures vanquished.

Grand Total: 181 creatures vanquished

Notes
Turn   | Place    | Note
--------------------------------------------------------------
     0 | D:1      | uhvn, the Vine Stalker Assassin, began the quest for the Orb.
     0 | D:1      | Reached XP level 1. HP: 11/11 MP: 1/1
   219 | D:1      | Reached skill level 1 in Dodging
   288 | D:1      | Reached XP level 2. HP: 15/15 MP: 3/3
   851 | D:2      | Reached XP level 3. HP: 11/19 MP: 1/4
   894 | D:2      | Reached skill level 5 in Stealth
   898 | D:2      | Noticed Ijyb
   916 | D:2      | Killed Ijyb
   965 | D:2      | Reached XP level 4. HP: 21/23 MP: 5/5
  1968 | D:3      | Reached XP level 5. HP: 7/28 MP: 5/7
  2478 | D:4      | Noticed a slave
  2478 | D:4      | Noticed a slave
  2478 | D:4      | Noticed a slave
  2479 | D:4      | Noticed Pikel
  2645 | D:4      | Noticed an ogre
  2663 | D:4      | Killed an ogre
  2663 | D:4      | Gained mutation: You heal very quickly. [vine stalker growth]
  2663 | D:4      | Reached XP level 6. HP: 22/33 MP: 6/8
  2767 | D:4      | Noticed a slave
  2810 | D:4      | Killed a slave
  2897 | D:4      | Found a shimmering altar of Xom.
  2932 | D:4      | Killed a slave
  2971 | D:4      | Found a sparkling altar of Nemelex Xobeh.
  2976 | D:4      | Became a worshipper of Nemelex Xobeh the Trickster
  2982 | D:4      | Received a gift from Nemelex Xobeh
  2992 | D:4      | Reached skill level 6 in Stealth
  3157 | D:3      | Killed Pikel
  3157 | D:3      | Reached XP level 7. HP: 24/38 MP: 7/9
  3195 | D:5      | Entered Level 5 of the Dungeon
  3261 | D:5      | Found a radiant altar of Vehumet.
  3287 | D:5      | Found a deep blue altar of Sif Muna.
  3328 | D:5      | Reached skill level 5 in Fighting
  3578 | D:5      | Reached skill level 7 in Stealth
  3663 | D:5      | Gained mutation: You have razor-sharp teeth. [vine stalker growth]
  3663 | D:5      | Reached XP level 8. HP: 44/44 MP: 11/11
  4183 | D:6      | Found a staircase to the Ecumenical Temple.
  4862 | D:7      | Reached skill level 8 in Stealth
  4908 | D:7      | Noticed Blork the orc
  4920 | D:7      | Killed Blork the orc
  5023 | D:7      | Reached XP level 9. HP: 46/49 MP: 12/12
  5207 | D:7      | Noticed Sigmund
  5218 | D:7      | Killed Sigmund
  5679 | D:7      | Noticed Eustachio
  5743 | D:7      | Reached skill level 5 in Short Blades
  5897 | D:7      | Killed Eustachio
  6193 | D:8      | Reached skill level 9 in Stealth
  6256 | D:8      | Reached skill level 5 in Dodging
  6274 | D:8      | Found a blossoming altar of Fedhas.
  6474 | D:8      | Received a gift from Nemelex Xobeh
  6587 | D:8      | Reached XP level 10. HP: 54/56 MP: 13/13
  6603 | D:8      | Noticed Kortx's ghost (experienced TrFi)
  6675 | D:8      | Slain by Kortx's ghost

Action                   |  1- 3 |  4- 6 |  7- 9 | 10-12 || total
-------------------------+-------+-------+-------+-------++-------
Melee: Dagger            |    72 |   170 |   580 |    14 ||   836
 Fire: Blowgun           |     6 |     4 |       |       ||    10
Evoke: Deck              |       |     2 |       |       ||     2
  Use: Scroll            |       |       |     5 |     1 ||     6
 Stab: Sleeping          |     7 |     2 |    26 |       ||    35
       Distracted        |       |     2 |     4 |       ||     6
  Eat: Bread ration      |       |     1 |       |       ||     1
       Chunk             |       |     1 |    13 |       ||    14
